[ PARTIDA AOE2 · #495675385 ]
UnrankedBorgoñones vs Wei
Equipo del jugador · DERR
Equipo rival · VICT
[ ANÁLISIS DE REPETICIÓN · EXTRAÍDO DE LA PARTIDA GRABADA ]
Feudal
11:03
Castillos
14:46
Imperial
27:59
| APM promedio | 50.2 |
| APM pico | 117 |
| eAPM promedio | 30.7 |
| Aldeanos / militares | 117 / 140 |
Foco
⚔️ 44.3% · 🌾 55.7%
Spearman ×70 · Skirmisher ×31 · Hand Cannoneer ×27 · Monk ×4 · Bombard Cannon ×4 · Mangonel ×2
Feudal
8:26
Castillos
22:46
Imperial
31:10
| APM promedio | 45.1 |
| APM pico | 76 |
| eAPM promedio | 27.3 |
| Aldeanos / militares | 117 / 13 |
Foco
⚔️ 31.9% · 🌾 68.1%
Unknown (1952) ×127 · Unknown (1949) ×19 · Scout Cavalry ×8 · Unknown (1942) ×7 · Monk ×3 · Spearman ×2
Mapa de la partida
Recursos iniciales + cada clic de construcción. Líneas = muros · curvas = relieve. ◆ oro · ⬟ piedra · ● bayas · ✦ reliquia · ◌ hueco del cierre
Tu base· ✓ Cerrada en 14:46 · 44t muro · 2 puerta(s)
Base de 我有一剑,碎岳开天· ✓ Cerrada en 22:46 · 0t muro · 2 puerta(s)
Terreno inicial suavizado · ◌ = hueco del cierre detectado · pasá el cursor para detalles
Inputs por minuto
— Kotzboy - - 我有一剑,碎岳开天
Build order — Kotzboy
Primeras 150 de 430 acciones detectadas
| 0:00 | Crear | Villager (Male) |
| 0:01 | Crear | Villager (Male) |
| 0:03 | Construir | House |
| 0:04 | Construir | House |
| 0:09 | Crear | Villager (Male) |
| 0:25 | Crear | Villager (Male) |
| 1:31 | Crear | Villager (Male) |
| 1:46 | Construir | Lumber Camp |
| 2:01 | Crear | Villager (Male) |
| 2:27 | Investigar | Double-Bit Axe |
| 2:32 | Crear | Villager (Male) |
| 2:58 | Crear | Villager (Male) |
| 3:26 | Crear | Villager (Male) |
| 3:49 | Crear | Villager (Male) |
| 3:54 | Construir | House |
| 4:18 | Crear | Villager (Male) |
| 4:27 | Construir | Mill |
| 4:37 | Crear | Villager (Male) |
| 4:37 | Crear | Villager (Male) |
| 5:16 | Crear | Villager (Male) |
| 5:31 | Construir | House |
| 5:37 | Crear | Villager (Male) |
| 5:48 | Construir | House |
| 5:58 | Crear | Villager (Male) |
| 6:22 | Construir | Mill |
| 6:32 | Crear | Villager (Male) |
| 6:32 | Crear | Villager (Male) |
| 7:03 | Crear | Villager (Male) |
| 7:46 | Crear | Villager (Male) |
| 7:46 | Crear | Villager (Male) |
| 7:46 | Crear | Villager (Male) |
| 7:47 | Crear | Villager (Male) |
| 8:30 | Investigar | Feudal Age |
| 8:36 | Construir | Mining Camp |
| 8:42 | Construir | Palisade Wall |
| 8:46 | Construir | Palisade Wall |
| 9:14 | Construir | Palisade Wall |
| 9:17 | Construir | Palisade Wall |
| 9:18 | Construir | Palisade Wall |
| 9:32 | Construir | Palisade Wall |
| 9:33 | Construir | Palisade Wall |
| 9:35 | Construir | Palisade Wall |
| 9:45 | Construir | Farm |
| 9:55 | Construir | Palisade Wall |
| 10:22 | Crear | Villager (Male) |
| 10:22 | Crear | Villager (Male) |
| 10:28 | Construir | Farm |
| 11:03 | Edad | Edad Feudal |
| 11:05 | Construir | Market |
| 11:10 | Construir | Blacksmith |
| 11:45 | Construir | House |
| 12:06 | Investigar | Castle Age |
| 12:06 | Investigar | Castle Age |
| 12:13 | Construir | House |
| 12:20 | Construir | House |
| 12:21 | Construir | House |
| 12:26 | Construir | House |
| 12:27 | Construir | House |
| 12:28 | Construir | House |
| 13:06 | Investigar | Bow Saw |
| 13:30 | Construir | Palisade Wall |
| 13:34 | Construir | Palisade Wall |
| 13:35 | Construir | Palisade Wall |
| 13:36 | Construir | Palisade Wall |
| 13:36 | Construir | Palisade Wall |
| 13:46 | Crear | Villager (Male) |
| 14:12 | Construir | Palisade Wall |
| 14:21 | Crear | Villager (Male) |
| 14:24 | Construir | Palisade Wall |
| 14:25 | Construir | Palisade Wall |
| 14:26 | Construir | Palisade Wall |
| 14:26 | Construir | Palisade Wall |
| 14:36 | Construir | House |
| 14:46 | Edad | Edad de los Castillos |
| 14:47 | Construir | Siege Workshop |
| 14:54 | Investigar | Loom |
| 15:21 | Crear | Mangonel |
| 15:36 | Crear | Villager (Male) |
| 15:46 | Construir | Town Center |
| 15:46 | Crear | Villager (Male) |
| 16:12 | Crear | Mangonel |
| 16:13 | Crear | Villager (Male) |
| 16:19 | Crear | Villager (Male) |
| 16:25 | Crear | Villager (Male) |
| 16:41 | Crear | Villager (Male) |
| 17:07 | Crear | Villager (Male) |
| 17:16 | Construir | Monastery |
| 17:19 | Construir | Farm |
| 17:19 | Construir | Farm |
| 17:20 | Construir | Farm |
| 17:27 | Crear | Villager (Male) |
| 17:33 | Crear | Villager (Male) |
| 17:41 | Crear | Villager (Male) |
| 17:44 | Crear | Villager (Male) |
| 17:59 | Crear | Monk |
| 18:03 | Construir | Farm |
| 18:03 | Construir | Farm |
| 18:04 | Construir | Farm |
| 18:05 | Investigar | Horse Collar |
| 18:09 | Crear | Villager (Male) |
| 18:09 | Crear | Villager (Male) |
| 18:19 | Construir | House |
| 18:25 | Crear | Villager (Male) |
| 18:25 | Crear | Villager (Male) |
| 18:28 | Construir | Farm |
| 18:29 | Construir | Farm |
| 18:33 | Crear | Villager (Male) |
| 18:48 | Construir | Farm |
| 19:02 | Crear | Monk |
| 19:11 | Crear | Villager (Male) |
| 19:15 | Construir | Farm |
| 19:15 | Construir | Farm |
| 19:20 | Crear | Villager (Male) |
| 19:31 | Construir | Farm |
| 19:34 | Construir | Farm |
| 19:39 | Crear | Villager (Male) |
| 19:49 | Crear | Villager (Male) |
| 19:53 | Construir | House |
| 19:54 | Construir | House |
| 20:06 | Crear | Monk |
| 20:15 | Crear | Villager (Male) |
| 20:30 | Construir | Farm |
| 20:31 | Crear | Villager (Male) |
| 20:32 | Crear | Villager (Male) |
| 20:33 | Construir | Farm |
| 20:34 | Construir | Farm |
| 20:35 | Construir | Farm |
| 20:36 | Construir | Farm |
| 20:41 | Crear | Villager (Male) |
| 20:44 | Construir | House |
| 20:44 | Construir | House |
| 20:48 | Crear | Monk |
| 20:58 | Crear | Villager (Male) |
| 21:00 | Construir | Farm |
| 21:01 | Construir | Farm |
| 21:08 | Construir | Farm |
| 21:11 | Construir | Farm |
| 21:29 | Crear | Villager (Male) |
| 21:32 | Crear | Villager (Male) |
| 21:35 | Crear | Villager (Male) |
| 21:40 | Construir | Farm |
| 21:40 | Construir | Farm |
| 21:41 | Construir | Farm |
| 21:45 | Investigar | Wheelbarrow |
| 21:51 | Crear | Villager (Male) |
| 21:56 | Construir | House |
| 21:57 | Construir | House |
| 21:59 | Construir | Outpost |
| 22:14 | Investigar | Heavy Plow |
| 22:15 | Investigar | Heavy Plow |
Build order — 我有一剑,碎岳开天
Primeras 150 de 387 acciones detectadas
| 0:01 | Crear | Villager (Male) |
| 0:01 | Crear | Villager (Male) |
| 0:02 | Crear | Villager (Male) |
| 0:03 | Construir | House |
| 0:05 | Construir | House |
| 0:13 | Construir | House |
| 0:18 | Crear | Villager (Male) |
| 0:18 | Crear | Villager (Male) |
| 1:28 | Crear | Villager (Male) |
| 1:29 | Crear | Villager (Male) |
| 2:00 | Crear | Villager (Male) |
| 2:01 | Crear | Villager (Male) |
| 2:18 | Crear | Villager (Male) |
| 2:18 | Crear | Villager (Male) |
| 2:46 | Crear | Villager (Male) |
| 2:47 | Crear | Villager (Male) |
| 2:47 | Crear | Villager (Male) |
| 2:59 | Crear | Villager (Male) |
| 3:30 | Crear | Villager (Male) |
| 3:33 | Crear | Villager (Male) |
| 4:29 | Crear | Villager (Male) |
| 4:30 | Crear | Villager (Male) |
| 4:37 | Construir | Lumber Camp |
| 4:38 | Crear | Villager (Male) |
| 4:50 | Crear | Villager (Male) |
| 5:38 | Construir | Mining Camp |
| 6:12 | Crear | Villager (Male) |
| 6:15 | Investigar | Feudal Age |
| 6:55 | Construir | House |
| 7:31 | Construir | Mill |
| 7:46 | Crear | Villager (Male) |
| 7:46 | Crear | Villager (Male) |
| 8:12 | Investigar | Loom |
| 8:13 | Crear | Villager (Male) |
| 8:26 | Edad | Edad Feudal |
| 8:28 | Construir | Watch Tower |
| 8:41 | Investigar | Double-Bit Axe |
| 8:46 | Crear | Villager (Male) |
| 9:27 | Crear | Villager (Male) |
| 9:34 | Construir | Mill |
| 9:49 | Crear | Villager (Male) |
| 9:53 | Investigar | Stone Mining |
| 10:22 | Crear | Villager (Male) |
| 10:39 | Construir | House |
| 10:45 | Construir | Watch Tower |
| 10:52 | Crear | Villager (Male) |
| 11:00 | Construir | House |
| 11:01 | Construir | House |
| 11:36 | Crear | Villager (Male) |
| 12:04 | Crear | Villager (Male) |
| 12:08 | Construir | House |
| 12:26 | Crear | Villager (Male) |
| 12:31 | Investigar | Horse Collar |
| 12:35 | Construir | House |
| 12:42 | Crear | Villager (Male) |
| 13:14 | Construir | Watch Tower |
| 13:25 | Crear | Villager (Male) |
| 13:30 | Construir | Farm |
| 13:31 | Construir | Farm |
| 13:32 | Construir | Farm |
| 13:33 | Construir | Farm |
| 13:34 | Crear | Villager (Male) |
| 13:44 | Construir | Farm |
| 13:49 | Construir | Farm |
| 13:55 | Crear | Villager (Male) |
| 14:12 | Construir | Farm |
| 14:29 | Crear | Villager (Male) |
| 14:44 | Crear | Villager (Male) |
| 14:47 | Construir | Farm |
| 14:49 | Construir | Farm |
| 14:57 | Investigar | Gold Mining |
| 15:10 | Construir | Watch Tower |
| 15:18 | Construir | Watch Tower |
| 15:23 | Crear | Villager (Male) |
| 15:26 | Construir | Farm |
| 15:46 | Construir | Farm |
| 15:48 | Construir | Farm |
| 15:50 | Crear | Villager (Male) |
| 16:11 | Crear | Villager (Male) |
| 16:25 | Crear | Villager (Male) |
| 16:29 | Construir | Mining Camp |
| 16:43 | Crear | Villager (Male) |
| 16:51 | Construir | Farm |
| 16:55 | Crear | Villager (Male) |
| 17:13 | Construir | Farm |
| 17:15 | Construir | Farm |
| 17:23 | Crear | Villager (Male) |
| 17:37 | Crear | Villager (Male) |
| 17:38 | Construir | Lumber Camp |
| 17:41 | Construir | Farm |
| 17:43 | Crear | Villager (Male) |
| 18:15 | Construir | Barracks |
| 18:40 | Investigar | Wheelbarrow |
| 18:44 | Construir | House |
| 19:00 | Construir | Stable |
| 19:10 | Construir | Farm |
| 19:26 | Construir | Blacksmith |
| 19:27 | Construir | Blacksmith |
| 19:29 | Crear | Scout Cavalry |
| 19:30 | Crear | Scout Cavalry |
| 19:41 | Crear | Spearman |
| 19:52 | Investigar | Castle Age |
| 19:57 | Construir | Farm |
| 19:58 | Construir | Farm |
| 19:59 | Construir | Farm |
| 20:18 | Crear | Scout Cavalry |
| 20:19 | Crear | Scout Cavalry |
| 20:31 | Construir | Farm |
| 20:34 | Construir | House |
| 20:36 | Construir | House |
| 20:41 | Crear | Scout Cavalry |
| 20:57 | Crear | Villager (Male) |
| 21:01 | Construir | Farm |
| 21:29 | Crear | Villager (Male) |
| 21:33 | Crear | Scout Cavalry |
| 21:42 | Crear | Scout Cavalry |
| 21:45 | Crear | Villager (Male) |
| 21:51 | Crear | Spearman |
| 22:11 | Crear | Scout Cavalry |
| 22:16 | Crear | Villager (Male) |
| 22:46 | Edad | Edad de los Castillos |
| 22:50 | Construir | Monastery |
| 22:54 | Construir | Town Center |
| 22:59 | Investigar | Bow Saw |
| 23:01 | Investigar | Heavy Plow |
| 23:05 | Construir | Farm |
| 23:06 | Investigar | Hand Cart |
| 23:18 | Crear | Monk |
| 23:19 | Crear | Monk |
| 23:37 | Construir | Town Center |
| 23:44 | Investigar | Gold Shaft Mining |
| 24:04 | Crear | Villager (Male) |
| 24:04 | Crear | Villager (Male) |
| 24:11 | Construir | Farm |
| 24:13 | Construir | Farm |
| 24:15 | Construir | Farm |
| 24:18 | Crear | Villager (Male) |
| 24:20 | Construir | Farm |
| 24:21 | Construir | Farm |
| 24:22 | Crear | Villager (Male) |
| 24:27 | Crear | Villager (Male) |
| 24:27 | Crear | Villager (Male) |
| 24:29 | Construir | Farm |
| 24:30 | Construir | Farm |
| 24:30 | Construir | Farm |
| 24:32 | Construir | Farm |
| 24:34 | Construir | Farm |
| 24:36 | Construir | Farm |
| 24:36 | Crear | Villager (Male) |
| 24:36 | Crear | Villager (Male) |
Cronología de la partida
| 8:26 | 我有一剑,碎岳开天 · age_up feudal |
| 8:42 | Kotzboy · wall_segment Palisade Wall x1 |
| 8:46 | Kotzboy · wall_segment Palisade Wall x9 |
| 9:14 | Kotzboy · wall_segment Palisade Wall x4 |
| 9:17 | Kotzboy · wall_segment Palisade Wall x1 |
| 9:18 | Kotzboy · wall_segment Palisade Wall x1 |
| 9:32 | Kotzboy · wall_segment Palisade Wall x1 |
| 9:33 | Kotzboy · wall_segment Palisade Wall x1 |
| 9:35 | Kotzboy · wall_segment Palisade Wall x3 |
| 9:55 | Kotzboy · wall_segment Palisade Wall x11 |
| 11:03 | Kotzboy · age_up feudal |
| 13:30 | Kotzboy · wall_segment Palisade Wall x3 |
| 13:34 | Kotzboy · wall_segment Palisade Wall x1 |
| 13:35 | Kotzboy · wall_segment Palisade Wall x1 |
| 13:36 | Kotzboy · wall_segment Palisade Wall x1 |
| 13:36 | Kotzboy · wall_segment Palisade Wall x1 |
| 14:12 | Kotzboy · wall_segment Palisade Wall x4 |
| 14:24 | Kotzboy · wall_segment Palisade Wall x1 |
| 14:25 | Kotzboy · wall_segment Palisade Wall x1 |
| 14:26 | Kotzboy · wall_segment Palisade Wall x1 |
| 14:26 | Kotzboy · wall_segment Palisade Wall x1 |
| 14:46 | Kotzboy · age_up castle |
| 14:47 | Kotzboy · first_building Siege Workshop |
| 17:06 | Kotzboy · first_market_buy 100 food |
| 17:16 | Kotzboy · first_building Monastery |
| 18:15 | 我有一剑,碎岳开天 · first_building Barracks |
| 19:00 | 我有一剑,碎岳开天 · first_building Stable |
| 22:46 | 我有一剑,碎岳开天 · age_up castle |
| 22:50 | 我有一剑,碎岳开天 · first_building Monastery |
| 23:34 | Kotzboy · first_building Barracks |
| 26:23 | Kotzboy · first_building Archery Range |
| 27:23 | 我有一剑,碎岳开天 · first_building Siege Workshop |
| 27:59 | Kotzboy · age_up imperial |
| 28:16 | 我有一剑,碎岳开天 · first_market_sell 100 food |
| 28:17 | 我有一剑,碎岳开天 · first_market_buy 100 stone |
| 28:21 | 我有一剑,碎岳开天 · first_building Castle |
| 29:12 | 我有一剑,碎岳开天 · first_building Archery Range |
| 29:56 | Kotzboy · first_market_sell 100 wood |
| 31:10 | 我有一剑,碎岳开天 · age_up imperial |
| 37:52 | Kotzboy · resign |
[ ANÁLISIS IA · 1 CRÉDITO ]
¿Qué pasó realmente en esta partida?
Wolo.gg analiza cada decisión: build order, eco, micro, errores típicos por bracket. Análisis personalizado por WhatsApp o Discord en 30 segundos.
Guía civ
Borgoñones
Perfil
Jugador #10107763